 Dungeon Crawl Stone Soup version 0.31-a0-788-ga445dbd2db (webtiles) character file.

Game seed: 5545419376067942577

167283 Ordine the Eclecticist (level 17, -10/100 HPs)
             Began as a Deep Elf Conjurer on Sept 18, 2023.
             Was a High Priest of Vehumet.
             Killed from afar by a shock serpent (23 damage)
             ... with a bolt of electricity
             ... on level 4 of the Snake Pit.
             The game lasted 02:08:43 (43386 turns).

Ordine the Eclecticist (Deep Elf Conjurer)         Turns: 43386, Time: 02:08:43

Health: -10/100    AC: 14    Str:  4    XL:     17   Next: 31%
Magic:  9/48       EV: 18    Int: 38    God:    Vehumet [*****.]
Gold:   315        SH:  0    Dex: 18    Spells: 14/49 levels left

rFire   + . .        a - staff of fire
rCold   . . .        (no shield)
rNeg    . . .        F - +1 steam dragon scales
rPois   +            M - +1 helmet of Chill Winds {Fly rPois}
rElec   .            G - scarf {repulsion}
rCorr   .            V - +1 pair of gloves
SInv    .            n - +2 pair of boots of the Fifty Quests {Dex+5}
Will    +....        i - amulet of regeneration
Stlth   +++++        S - ring of magical power
HPRegen 1.16/turn    O - +6 ring of intelligence
MPRegen 0.31/turn

%: repel missiles
@: weakened, flying
A: no striking features
a: Renounce Religion


You were on level 4 of the Snake Pit.
You worshipped Vehumet.
Vehumet was extremely pleased with you.
You visited 5 branches of the dungeon, and saw 27 of its levels.

You collected 2382 gold pieces.
You spent 2067 gold pieces at shops.

Inventory:

Armour
 n - the +2 pair of boots of the Fifty Quests (worn) {Dex+5}
   (You found it on level 2 of the Dungeon)

   Dex+5:     It affects your dexterity (+5).
 F - +1 steam dragon scales (worn)
 G - a scarf of repulsion (worn)
 M - the +1 helmet of Chill Winds (worn) {Fly rPois}
   (You found it on level 3 of the Lair of Beasts)

   rPois:     It protects you from poison Fly: It grants you flight.
 V - a +1 pair of gloves (worn)
Magical Staves
 a - a staff of fire (weapon)
Jewellery
 f - a ring of poison resistance
 i - an amulet of regeneration (around neck)
 x - a ring of protection from cold
 O - a +6 ring of intelligence (right hand)
 S - a ring of magical power (left hand)
 X - a ring of see invisible
Wands
 r - a wand of mindburst (30)
 I - a wand of roots (17)
 K - a wand of acid (9)
 N - a wand of paralysis (18)
 R - a wand of flame (55)
 U - a wand of polymorph (3)
Scrolls
 b - a scroll of butterflies
 d - 5 scrolls of enchant weapon
 g - 6 scrolls of revelation
 h - 6 scrolls of blinking
 k - 4 scrolls of brand weapon
 l - a scroll of silence
 o - 4 scrolls of fear
 s - 8 scrolls of teleportation
 v - 2 scrolls of enchant armour
 y - 7 scrolls of noise
 z - 3 scrolls of torment
 A - 6 scrolls of poison
 D - 2 scrolls of vulnerability
 H - 5 scrolls of fog
 Q - 5 scrolls of immolation
 Z - a scroll of amnesia
Potions
 c - 3 potions of enlightenment
 j - 9 potions of might
 m - 14 potions of curing
 p - a potion of invisibility {unknown}
 q - 2 potions of haste
 t - 2 potions of cancellation
 u - 4 potions of resistance
 w - 3 potions of mutation {unknown}
 B - 2 potions of berserk rage
 C - 3 potions of heal wounds
 E - 2 potions of attraction {unknown}
 J - 4 potions of lignification {unknown}
 L - 2 potions of brilliance {unknown}
 Y - a potion of degeneration {unknown}
Miscellaneous
 T - a sack of spiders
 W - a lightning rod (4/4)


   Skills:
 + Level 9.4 Fighting
 - Level 12.0 Staves
 - Level 5.0 Armour
 - Level 10.0 Dodging
 - Level 10.0 Stealth
 + Level 16.6 Spellcasting
 + Level 15.7 Conjurations
 + Level 5.6 Summonings
 - Level 6.0 Translocations
 + Level 10.5 Fire Magic
 + Level 7.9 Earth Magic
 + Level 10.5 Evocations


You had 14 spell levels left.
You knew the following spells:

 Your Spells              Type           Power      Damage    Failure   Level
a - Fireball              Conj/Fire      57%        3d22      1%          5
b - Starburst             Conj/Fire      57%        6d15      1%          6
c - Iskenderun's Mystic   Conj/Tloc      85%        2d17      1%          4
d - Iskenderun's Battles  Conj           100%       2d15      1%          5
e - Spellforged Servitor  Conj/Summ      42%        N/A       3%          7
z - Lehudib's Crystal Sp  Conj/Erth      44%        10d11     13%         8

Your spell library contained the following spells:

 Spells                   Type           Power      Damage    Failure   Level
 Plasma Beam              Fire/Air       41%        2x1d55    5%          6
 Magic Dart               Conj           100%       1d8       0%          1
 Searing Ray              Conj           100%       2d8       0%          2
 Stone Arrow              Conj/Erth      100%       3d13      0%          3
 Sandblast                Erth           100%       2d20      1%          1
 Sting                    Tmut/Pois      100%       1d8       1%          1
 Summon Small Mammal      Summ           100%       N/A       1%          1
 Passwall                 Tmut/Erth      47%        N/A       1%          2
 Poisonous Vapours        Pois/Air       62%        N/A       1%          2
 Call Canine Familiar     Summ           65%        N/A       1%          3
 Dazzling Flash           Conj/Hex       100%       N/A       1%          3
 Mephitic Cloud           Conj/Pois/Air  64%        N/A       1%          3
 Summon Guardian Golem    Hex/Summ       52%        N/A       1%          3
 Animate Armour           Summ/Erth      100%       N/A       1%          4
 Brom's Barrelling Bould  Conj/Erth      88%        2d10      1%          4
 Fulminant Prism          Conj/Hex       37%        3d17      1%          4
 Passage of Golubria      Tloc           67%        N/A       1%          4
 Freezing Cloud           Conj/Ice/Air   32%        6-21      1%          5
 Olgreb's Toxic Radiance  Pois           31%        N/A       2%          4
 Tukima's Dance           Hex            31%        N/A       3%          3
 Yara's Violent Unravell  Hex/Tmut       15%        3d8       8%          5
 Cause Fear               Hex            15%        N/A       10%         4
 Eringya's Noxious Bog    Tmut/Pois      15%        4d6       36%         6
 Malign Gateway           Summ/Tloc      33%        N/A       63%         7
 Summon Horrible Things   Summ           32%        N/A       100%        8
 Dragon's Call            Summ           32%        N/A       100%        9
 Shatter                  Erth           37%        3d30*     100%        9


Dungeon Overview and Level Annotations

Branches:
Dungeon (15/15)            Temple (1/1) D:5            Lair (5/5) D:11
 Shoals (0/4) Lair:3        Snake (4/4) Lair:2        Slime (0/5) Lair:4
    Orc (2/2) D:9             Elf (0/3) Orc:2        Vaults (0/5) D:14
 Depths (0/4) D:15

Altars:
Ashenzari
Cheibriados
Dithmenos
Elyvilon
Fedhas
Gozag
Hepliaklqana
Kikubaaqudgha
Makhleb
Nemelex Xobeh
Okawaru
Qazlal
Ru
Sif Muna
Trog
Uskayaw
Vehumet
Wu Jian
Xom
Yredelemnul
Zin
The Shining One
Jiyva

Shops:
Orc:2 [[:(   Snake:1 !=[[

Portals:
Abyss: Lair:2

Annotations:
Lair:2 1 transporter, Heedrag's ghost, journeyman DsSh
Snake:2 2 transporters, Ciar's ghost, adept GrCj


Message History

The flame surge hits your battlesphere.
Your battlesphere resists.
The shock serpent shoots out a bolt of lightning at you!
The bolt of electricity misses you.
The salamander shoots an arrow.
The arrow closely misses you.
Unknown command.
As you read the scroll of fear, it crumbles to dust.
You assume a fearsome visage.
The naga sharpshooter looks frightened!
The naga warrior looks frightened! x2; The naga looks frightened!
The salamander tyrant looks frightened!
The salamander looks frightened!
The black mamba looks frightened! x2
The shock serpent resists with almost no effort.
Unknown command.
The shock serpent bites your battlesphere!
The shock serpent shocks your battlesphere.
Your battlesphere completely resists.
You are too injured to fight recklessly!
Casting: Iskenderun's Mystic Blast (safe; 1% risk of failure)
Confirm with . or Enter, or press ? or * to list all spells.
Aiming: Fireball (safe; 1% risk of failure)
Press: ? - help, Shift-Dir - straight line, f - shock serpent
Aim: a shock serpent You feel a surge of power!
The fireball explodes!
The fireball engulfs the shock serpent!!!
The shock serpent is severely wounded.
The shock serpent's electric aura discharges, shocking you!
* * * LOW HITPOINT WARNING * * *
You hear an angry hiss.
You hear a shout! x2
Your battlesphere fires!
The barrage of energy hits the salamander tyrant!
The salamander tyrant is severely wounded.
Your attack snaps the salamander tyrant out of its fear.
The shock serpent bites your battlesphere.
The shock serpent shocks your battlesphere.
Your battlesphere completely resists.
The salamander tyrant gazes fiercely through you!
You feel as though you will be weak longer.
The shock serpent shoots out a bolt of lightning at you!
The bolt of electricity hits you!!
You die...

#.........# #.#
######)........# #.#
..[).))).......#
####.#
######)).......#
##....# ..#
#.........####..##.#
..#
#.........##...###.#
..#
########..##.#####.###
..# ##.....###....#
).# ###@...##....# ..#
#.##.......# ..#
#.#####....# ..#
########.# ###### .<#
#....≈.S*# ###
...##.†.##
....9.†....#
.......)N..#
....)....*.#


You could see a salamander tyrant (strong, ally target), a shock serpent and a
friendly battlesphere.

Vanquished Creatures
  Vashnia (Snake:3)
  Agnes (D:14)
  3 nagarajas
  Louise (D:14)
  An orc warlord (Orc:2)
  Nessos (D:14)
  A fire dragon (Lair:5)
  A salamander tyrant (Snake:2)
  4 vault guards (D:14)
  5 hydras
  A great orb of eyes (D:14)
  8 anacondas
  2 catoblepae
  5 boulder beetles
  An ogre mage (D:15)
  11 centaur warriors
  5 two-headed ogres
  3 death yaks (Lair:3)
  A tengu warrior (D:15)
  9 naga warriors
  16 shock serpents
  2 orc high priests (Orc:2)
  10 naga sharpshooters
  A fire crab (Lair:5)
  5 salamander mystics
  5 naga ritualists
  A wizard (D:15)
  Pikel (D:6)
  5 orc knights
  7 ugly things
  5 deep elf pyromancers
  A lindwurm (Lair:4)
  A necromancer (D:15)
  4 orc sorcerers
  4 cyclopes
  10 mana vipers
  4 manticores
  14 salamanders
  35 black mambas
  4 molten gargoyles
  2 guardian serpents
  19 naga magi
  Maggie (D:8)
  14 cane toads
  2 unseen horrors
  2 centaur skeletons (D:15)
  6 rime drakes
  16 komodo dragons
  A tengu conjurer (D:15)
  3 meliai (Lair:4)
  6 trolls
  A queen bee (Lair:4)
  A wind drake (Lair:3)
  A harpy skeleton (D:15)
  2 hornets
  29 blink frogs
  Prince Ribbit (D:7)
  Sigmund (D:6)
  11 wyverns
  A yak (shapeshifter) (D:15)
  34 yaks
  3 wraiths
  A golden eye (shapeshifter) (D:14)
  A fire elemental (Snake:2)
  4 steam dragons
  6 basilisks
  Edmund (D:4)
  21 vampire mosquitoes
  3 wargs
  47 nagas
  12 water moccasins
  7 acid dragons
  7 hell hounds
  2 sky beasts
  47 orc warriors
  A black bear (D:5)
  11 ogres
  18 wolves
  21 centaurs
  2 kobold brigands
  14 bullfrogs
  2 scorpions
  4 wights (D:9)
  47 killer bees
  9 howler monkeys
  An electric eel (Lair:5)
  10 lava snakes
  5 hounds
  A jelly (D:7)
  A gnoll bouda (D:9)
  32 orc priests
  3 iguanas
  A sleepcap (D:8)
  Ijyb (D:3)
  Terence (D:3)
  A hell rat (Lair:4)
  33 orc wizards
  7 adders
  18 gnolls
  2 white imps
  A worm (D:4)
  A dart slug (D:2)
  125 orcs
  5 ball pythons
  6 endoplasms
  4 giant cockroaches
  12 goblins
  8 hobgoblins
  3 jackals (D:1)
  14 kobolds
  3 quokkas
  4 bats (D:1)
  7 frilled lizards
  5 rats
960 creatures vanquished.

Vanquished Creatures (collateral kills)
  Roxanne (D:14)
  Azrael (Snake:2)
  A salamander tyrant (Snake:3)
  An anaconda (Snake:3)
  A naga sharpshooter (Snake:3)
  A naga ritualist (Snake:3)
  2 black mambas
  8 salamanders
  A naga mage (Snake:2)
  A fire elemental (Snake:2)
  2 nagas (Snake:3)
20 creatures vanquished.

Grand Total: 980 creatures vanquished

Notes
Turn   | Place    | Note
-------+----------+-------------------------------------------
     0 | D:1      | Ordine the Deep Elf Conjurer began the quest for the Orb.
     0 | D:1      | Reached XP level 1. HP: 10/10 MP: 6/6
   258 | D:1      | Reached XP level 2. HP: 15/15 MP: 2/8
   327 | D:1      | Learned a level 2 spell: Searing Ray
  1027 | D:1      | Reached XP level 3. HP: 9/19 MP: 1/9
  1166 | D:2      | Reached skill level 5 in Conjurations
  1434 | D:2      | Reached XP level 4. HP: 24/24 MP: 6/11
  1436 | D:2      | Reached skill level 4 in Spellcasting
  1972 | D:2      | Identified the +2 pair of boots of the Fifty Quests {Dex+5}
  2248 | D:3      | Reached XP level 5. HP: 28/28 MP: 10/13
  2260 | D:3      | Learned a level 4 spell: Iskenderun's Mystic Blast
  2448 | D:3      | Noticed Terence
  2456 | D:3      | Killed Terence
  2658 | D:3      | Found a stormy altar of Qazlal.
  2745 | D:3      | Found an opulent altar of Gozag.
  2746 | D:3      | Found a white marble altar of Elyvilon.
  2800 | D:3      | Noticed Ijyb
  2807 | D:3      | Killed Ijyb
  2808 | D:3      | Reached skill level 1 in Translocations
  3270 | D:4      | Reached skill level 5 in Spellcasting
  3270 | D:4      | Reached XP level 6. HP: 32/32 MP: 9/15
  3320 | D:4      | Noticed an orc warrior
  3421 | D:4      | Killed an orc warrior
  3509 | D:4      | Found a snail-covered altar of Cheibriados.
  3916 | D:4      | Noticed Edmund
  3926 | D:4      | Killed Edmund
  3927 | D:4      | Reached XP level 7. HP: 36/36 MP: 5/17
  4271 | D:5      | Entered Level 5 of the Dungeon
  4355 | D:5      | Reached skill level 6 in Spellcasting
  4725 | D:5      | Found a shadowy altar of Dithmenos.
  5096 | D:5      | Reached XP level 8. HP: 32/41 MP: 16/20
  5267 | D:5      | Reached skill level 7 in Spellcasting
  5403 | D:5      | Found a staircase to the Ecumenical Temple.
  5413 | Temple   | Entered the Ecumenical Temple
  5424 | Temple   | Became a worshipper of Vehumet
  5672 | D:6      | Noticed Sigmund
  5676 | D:6      | Killed Sigmund
  5799 | D:6      | Reached skill level 1 in Evocations
  6044 | D:6      | Reached skill level 1 in Fighting
  6044 | D:6      | Reached skill level 1 in Armour
  6200 | D:6      | Found a shimmering altar of Xom.
  6721 | D:7      | Reached skill level 5 in Translocations
  6721 | D:7      | Reached XP level 9. HP: 47/48 MP: 10/22
  6873 | D:7      | Noticed Pikel
  6896 | D:6      | Killed Pikel
  6897 | D:6      | Reached skill level 5 in Dodging
  6897 | D:6      | Reached skill level 8 in Spellcasting
  6897 | D:6      | Reached skill level 10 in Conjurations
  7265 | D:7      | Reached * piety under Vehumet
  7265 | D:7      | Offered knowledge of Kiss of Death by Vehumet.
  7691 | D:7      | Noticed Prince Ribbit
  7696 | D:7      | Killed Prince Ribbit
  8069 | D:8      | Noticed Maggie
  8084 | D:8      | Reached skill level 1 in Staves
  8091 | D:8      | Killed Maggie
  8392 | D:8      | Found a broken altar of Ashenzari.
  8392 | D:8      | Found a glowing silver altar of Zin.
  8599 | D:8      | Reached XP level 10. HP: 56/56 MP: 18/24
  9300 | D:8      | Paralysed by a hornet for 2 turns
 10000 | D:9      | Found an iron altar of Okawaru.
 10018 | D:9      | Reached ** piety under Vehumet
 10018 | D:9      | Offered knowledge of Shock by Vehumet.
 10019 | D:9      | Reached skill level 9 in Spellcasting
 10121 | D:9      | Reached skill level 5 in Stealth
 10670 | D:9      | Reached skill level 5 in Evocations
 10694 | D:9      | Offered knowledge of Poisonous Vapours by Vehumet.
 11266 | D:9      | Reached *** piety under Vehumet
 11294 | D:9      | Found a staircase to the Orcish Mines.
 11353 | D:10     | Entered Level 10 of the Dungeon
 11487 | D:10     | Found an ornate altar of the Wu Jian Council.
 11658 | D:10     | Reached XP level 11. HP: 61/61 MP: 18/26
 11726 | D:10     | Found a hide-covered altar of Uskayaw.
 12082 | D:10     | Found a glowing golden altar of the Shining One.
 12094 | D:10     | Offered knowledge of Frozen Ramparts by Vehumet.
 12271 | D:10     | Found a basalt altar of Yredelemnul.
 12283 | D:10     | Found a shimmering blue altar of Sif Muna.
 12979 | D:11     | Noticed a boulder beetle
 13019 | D:11     | Noticed a red ugly thing
 13168 | D:11     | Noticed an orc knight
 13540 | D:10     | Killed a red ugly thing
 13763 | D:11     | Noticed a two-headed ogre
 13771 | D:11     | Killed a two-headed ogre
 13772 | D:11     | Reached skill level 10 in Spellcasting
 14160 | D:11     | Found a staircase to the Lair.
 14334 | D:11     | Identified the +12 great sword "Embalmer" {freeze, rC+
                  | Str+5 Int+2}
 14652 | D:11     | Reached **** piety under Vehumet
 14856 | D:11     | Offered knowledge of Olgreb's Toxic Radiance by Vehumet.
 15069 | D:11     | Killed a boulder beetle
 15307 | D:11     | Killed an orc knight
 15308 | D:11     | Reached skill level 5 in Fighting
 16117 | D:12     | Noticed a two-headed ogre
 16127 | D:12     | Killed a two-headed ogre
 16128 | D:12     | Reached skill level 5 in Staves
 16128 | D:12     | Reached XP level 12. HP: 62/68 MP: 16/28
 16892 | D:13     | Noticed a centaur warrior
 17000 | Lair:1   | Entered Level 1 of the Lair of Beasts
 17437 | Lair:1   | Learned a level 5 spell: Fireball
 17770 | Lair:1   | Noticed a boulder beetle
 17786 | Lair:1   | Killed a boulder beetle
 17787 | Lair:1   | Reached skill level 11 in Spellcasting
 17787 | Lair:1   | Reached skill level 1 in Fire Magic
 18525 | Lair:2   | Noticed Heedrag's ghost (journeyman DsSh)
 18526 | Lair:2   | Found a transporter.
 18526 | Lair:2   | Noticed a red very ugly thing
 18556 | Lair:2   | Found a one-way gate to the infinite horrors of the Abyss.
 18573 | Lair:2   | Found a transporter.
 18587 | Lair:2   | Reached skill level 5 in Armour
 19028 | Lair:2   | Found a staircase to the Snake Pit.
 19728 | Lair:3   | Reached ***** piety under Vehumet
 19808 | Lair:3   | Found a staircase to the Shoals.
 19939 | Lair:3   | Noticed a catoblepas
 19986 | Lair:3   | Killed a catoblepas
 19986 | Lair:3   | Offered knowledge of Lee's Rapid Deconstruction by Vehumet.
 20394 | Lair:3   | Reached XP level 13. HP: 61/72 MP: 24/30
 20637 | Lair:3   | Identified the +1 helmet of Chill Winds {Fly rPois}
 21694 | Lair:4   | Reached skill level 12 in Spellcasting
 22004 | Lair:4   | Reached skill level 10 in Dodging
 22895 | Lair:4   | Offered knowledge of Airstrike by Vehumet.
 22972 | Lair:4   | Reached skill level 10 in Stealth
 23295 | Lair:4   | Reached skill level 5 in Fire Magic
 23820 | Lair:4   | Found a staircase to the Slime Pits.
 23820 | Lair:4   | Found a viscous altar of Jiyva.
 23960 | Lair:5   | Entered Level 5 of the Lair of Beasts
 24237 | Lair:5   | Reached XP level 14. HP: 79/79 MP: 14/32
 24657 | Lair:5   | Reached skill level 13 in Spellcasting
 25251 | Lair:5   | Offered knowledge of Eringya's Noxious Bog by Vehumet.
 25429 | Lair:5   | Found a large runed translucent door.
 25429 | Lair:5   | Found a large runed translucent door.
 25466 | Lair:5   | Identified the +0 leather armour of the Known World
                  | {*Corrode Will+ Int+4}
 26401 | Orc:1    | Entered Level 1 of the Orcish Mines
 27316 | Orc:2    | Entered Level 2 of the Orcish Mines
 28264 | Orc:2    | Noticed an orc warlord
 28267 | Orc:2    | Killed an orc warlord
 28268 | Orc:2    | Reached skill level 10 in Evocations
 28772 | Orc:2    | Found Aripser's Antique Armour Shop.
 28774 | Orc:2    | Found Lohozael's Antique Weapon Boutique.
 29289 | Orc:2    | Offered knowledge of Iskenderun's Battlesphere by Vehumet.
 29319 | Orc:2    | Learned a level 5 spell: Iskenderun's Battlesphere
 29535 | Orc:2    | Found Ynna Uma's Book Boutique.
 29554 | Orc:2    | Found a staircase to the Elven Halls.
 29762 | Orc:2    | Found Nairchiez's Armour Shoppe.
 29858 | Orc:2    | Bought a book of Armaments for 360 gold pieces
 29858 | Orc:2    | Bought the Almanac of Oromancy and Pestilence for 480 gold
                  | pieces
 29867 | Orc:2    | Learned a level 8 spell: Lehudib's Crystal Spear
 30038 | D:13     | You are sucked into a shaft and drop 2 floors!
 30038 | D:15     | Entered Level 15 of the Dungeon
 30070 | D:14     | Noticed Agnes
 30074 | D:14     | Killed Agnes
 30166 | D:14     | Found a gate to the Vaults.
 30166 | D:14     | Noticed Louise
 30172 | D:14     | Reached skill level 14 in Spellcasting
 30172 | D:14     | Reached skill level 1 in Earth Magic
 30182 | D:14     | Killed Louise
 30367 | D:14     | Reached XP level 15. HP: 86/86 MP: 35/35
 30371 | D:14     | Noticed Nessos
 30533 | D:14     | Killed Nessos
 31734 | D:14     | Noticed Roxanne
 32208 | D:14     | Found a blossoming altar of Fedhas.
 32566 | D:15     | Found a staircase to the Depths.
 32646 | D:15     | Reached skill level 10 in Staves
 32646 | D:15     | Reached ****** piety under Vehumet
 32649 | D:15     | Offered knowledge of Starburst by Vehumet.
 34801 | Snake:1  | Entered Level 1 of the Snake Pit
 34826 | Snake:1  | Reached skill level 15 in Spellcasting
 35063 | Lair:2   | Learned a level 6 spell: Starburst
 35205 | Snake:1  | Reached skill level 5 in Earth Magic
 35434 | Snake:1  | Offered knowledge of Spellforged Servitor by Vehumet.
 35443 | Snake:1  | Learned a level 7 spell: Spellforged Servitor
 35989 | Snake:1  | Found Fopiel's Jewellery Emporium.
 36023 | Snake:1  | Reached skill level 1 in Summonings
 36023 | Snake:1  | Reached XP level 16. HP: 93/93 MP: 1/37
 36031 | Snake:1  | Found Mocoi's Armour Shoppe.
 36223 | Snake:1  | Found Govofiun's Antique Armour Shoppe.
 36228 | Snake:1  | Found Umozey's Distillery.
 36231 | Snake:1  | Bought a silken robe for 182 gold pieces
 36231 | Snake:1  | Identified the +0 robe "Yckit" {Drain Slay+5} (You bought
                  | it in a shop on level 1 of the Snake Pit)
 36242 | Snake:1  | Bought a potion of heal wounds for 100 gold pieces
 36242 | Snake:1  | Bought a potion of heal wounds for 100 gold pieces
 36242 | Snake:1  | Bought a potion of heal wounds for 100 gold pieces
 36242 | Snake:1  | Bought 2 potions of curing for 120 gold pieces
 36242 | Snake:1  | Bought a potion of heal wounds for 100 gold pieces
 36242 | Snake:1  | Bought a potion of curing for 60 gold pieces
 36242 | Snake:1  | Bought a potion of curing for 60 gold pieces
 36324 | Snake:1  | Found the amulet of Elemental Vulnerability {rPois rF--
                  | rC-- AC+8}
 36631 | Snake:1  | Found a broken altar of Ashenzari.
 37696 | D:14     | Killed Roxanne
 38161 | Snake:2  | Noticed Azrael
 38174 | Snake:2  | Killed Azrael
 38332 | Snake:2  | Reached skill level 15 in Conjurations
 39700 | Snake:2  | Found a transporter.
 39887 | Snake:2  | Noticed Ciar's ghost (adept GrCj)
 39888 | Snake:2  | Found a transporter.
 39890 | Snake:2  | Identified the ring of Beggel {rPois rC+++ MP+9 Str-4
                  | Int+6}
 39891 | Snake:2  | Found a bloodstained altar of Trog.
 39991 | Snake:3  | Noticed Vashnia
 39996 | Snake:3  | Reached skill level 16 in Spellcasting
 40144 | Snake:3  | Reached skill level 10 in Fire Magic
 40312 | Snake:3  | Killed Vashnia
 40798 | Snake:3  | Offered knowledge of Plasma Beam by Vehumet.
 40844 | Snake:3  | Reached XP level 17. HP: 91/100 MP: 5/39
 41285 | Snake:3  | Reached skill level 5 in Summonings
 41656 | Snake:3  | Found Ceuf's Magic Scroll Shoppe.
 41674 | Snake:3  | Bought a scroll of amnesia for 60 gold pieces
 41674 | Snake:3  | Bought a scroll of amnesia for 60 gold pieces
 41674 | Snake:3  | Bought a scroll of identify for 30 gold pieces
 41674 | Snake:3  | Bought a scroll of identify for 30 gold pieces
 41674 | Snake:3  | Bought a scroll of poison for 60 gold pieces
 41674 | Snake:3  | Bought a scroll of poison for 60 gold pieces
 41674 | Snake:3  | Bought a scroll of fog for 60 gold pieces
 41674 | Snake:3  | Bought a scroll of teleportation for 45 gold pieces
 42050 | Snake:4  | Entered Level 4 of the Snake Pit
 43386 | Snake:4  | Killed from afar by a shock serpent

Illustrated notes

Levels and vault maps discovered:
D:1:      saegor_arrival_simple_d, layout_loops_ring
D:2:      layout_rooms, nicolae_eternal_life
D:3:      layout_basic, nicolae_overflow_hidden_temple, serial_park_tiny_1,
          uniq_terence, uniq_ijyb
D:4:      layout_basic, slow_altar_1, minmay_box_of_dots, uniq_edmund
D:5:      layout_basic, nicolae_dithmenos_shadow_blocks, temple_fountains,
          nrook_mini_backslash, item_on_display_a
D:6:      layout_loops_corners, pf_just_have_faith, uniq_sigmund
D:7:      layout_loops_ring, minmay_misc_feat_hallway, uniq_pikel,
          uniq_prince_ribbit1
D:8:      layout_layer_cave, jmf_multi_god_temple, uniq_maggie
D:9:      layout_long_grid, mainiacjoe_overflow_alcove_1, david_orc_4,
          grunt_ministairs_15
D:10:     layout_loops_ring, nicolae_overflow_crystal_walls,
          nicolae_uskayaw_dance_studio, lemuel_tele_altar,
          amethyst_overflow_temple_binary, serial_bayou_pond_e
D:11:     layout_roguey [special_room_orc], erik_lair_dragon, st_stairs_5,
          dreamdust_princess_corridor, minivault_27
D:12:     layout_small_grid, gauntlet_entry_generic, kennysheep_generic_room_5
D:13:     layout_long_grid
D:14:     layout_basic, lightli_vaults_fourway_checkpoint, fedhas_altar_3,
          uniq_nessos, uniq_agnes, uniq_roxanne, uniq_louise
D:15:     grunt_enter_depths_magical_seal, layout_grid_maze,
          chequers_mini_garden, minmay_diced_spiral
Temple:   hellmonk_temple_flake
Lair:1:   layout_regular_city
Lair:2:   layout_cave_shapes, minmay_snake_entry_guardpost_small,
          gammafunk_ghost_abyssal_escape, serial_bayou_shore_b
Lair:3:   cheibrodos_magma_flow, layout_concentric_octagons,
          minmay_shoals_entry_beasts
Lair:4:   regret_index_tunnel_blossom, layout_long_grid, slime_entry_1
Lair:5:   cheibrodos_lair_end_hotspot, layout_gridlike
Snake:1:  layout_chambers, basic_altar, grunt_megastairs_5, minmay_shoptagon
Snake:2:  layout_basic, gammafunk_ghost_wrathful_warriors, uniq_azrael
Snake:3:  layout_gridlike, serial_shops, shop_scrolls, grunt_megastairs_4,
          uniq_vashnia
Snake:4:  snake_pit, layout_rooms
Orc:1:    layout_diamond_mine
Orc:2:    grunt_orc_community_town_hall, layout_diamond_mine,
          grunt_orc_community_big_house_1, grunt_orc_community_big_house_1,
          grunt_orc_community_house_3, grunt_orc_community_house_1,
          grunt_orc_community_house_3, grunt_orc_community_house_2,
          grunt_orc_community_house_1

Skill      XL: |  1  2  3  4  5  6  7  8  9 10 11 12 13 14 15 16 17 |
---------------+----------------------------------------------------+-----
Stealth        | 3 4 5 7 9 10 | 10.0
Dodging        | 3 4 5 6 8 9 10 | 10.0
Conjurations   | 5 6 7 8 9 10 11 12 13 14 15 | 15.7
Spellcasting   | 4 5 6 7 8 9 10 11 12 14 15 16 | 16.6
Translocations | 1 3 4 5 6 |  6.0
Evocations     | 2 3 5 6 7 9 10 | 10.5
Fighting       | 1 3 4 5 7 8 9 |  9.4
Armour         | 1 2 3 4 5 |  5.0
Staves         | 1 3 5 6 7 9 11 12 | 12.0
Fire Magic     | 3 5 7 9 10 | 10.5
Earth Magic    | 2 5 7 |  7.9
Summonings     | 1 4 5 |  5.6

Action                     |  1- 3 |  4- 6 |  7- 9 | 10-12 | 13-15 | 16-18 || total
---------------------------+-------+-------+-------+-------+-------+-------++-------
  Melee: Dagger            |       |     3 |     9 |   125 |       |       ||   137
         Staff             |       |       |       |     9 |    47 |     6 ||    62
         Punch             |       |       |       |     1 |       |       ||     1
   Cast: Magic Dart        |    45 |   112 |   126 |   306 |    18 |       ||   607
         Searing Ray       |     3 |    11 |    41 |   142 |     3 |       ||   200
         Iskenderun's Myst |       |       |     4 |    61 |   114 |    58 ||   237
         Fireball          |       |       |       |    36 |   476 |   183 ||   695
         Iskenderun's Batt |       |       |       |       |     6 |    19 ||    25
         Starburst         |       |       |       |       |     7 |     8 ||    15
         Spellforged Servi |       |       |       |       |       |    12 ||    12
  Evoke: Wand              |       |     1 |       |     2 |       |       ||     3
    Use: Scroll            |       |       |       |    16 |     8 |     7 ||    31
         Potion            |       |       |       |     2 |     1 |     2 ||     5
   Stab: Sleeping          |       |       |       |     1 |       |       ||     1
 Armour: Robe              |     5 |    10 |    58 |       |       |       ||    73
         Steam dragon scal |       |       |     3 |   336 |   122 |    68 ||   529
  Dodge: Dodged            |    18 |    11 |    70 |   402 |   150 |    56 ||   707
         Repelled          |       |       |       |     8 |    15 |     4 ||    27

Table legend: (Time is in decaauts)
 A = Elapsed time spent in this place.
 B = Non-inter-level travel time spent in this place.
 C = Inter-level travel time spent in this place.
 D = Time resting spent in this place.
 E = Time spent auto-exploring this place.
 F = Levels seen in this place.
 G = Mean time per level.
                   A        B        C        D        E       F      G
               +--------+--------+--------+--------+--------+-----+--------+
         Total |  43460 |  39661 |   3799 |  10392 |  23878 |  27 | 1609.6 |
       Dungeon |  22741 |  20559 |   2182 |   4065 |  13580 |  15 | 1516.1 |
        Temple |     22 |     12 |     10 |      0 |      0 |   1 |   22.0 |
          Lair |  10454 |   9419 |   1035 |   2939 |   5152 |   5 | 2090.8 |
     Snake Pit |   7094 |   6654 |    440 |   2377 |   3488 |   4 | 1773.5 |
  Orcish Mines |   3147 |   3016 |    131 |   1011 |   1658 |   2 | 1573.5 |
               +--------+--------+--------+--------+--------+-----+--------+

Top non-repeatable levels by time:
    D:11: 2841 daAuts
  Lair:3: 2529 daAuts
  Lair:4: 2504 daAuts
 Snake:1: 2460 daAuts
  Lair:2: 2184 daAuts
     D:9: 2121 daAuts
    D:15: 2041 daAuts
 Snake:3: 2023 daAuts
   Orc:2: 1872 daAuts
    D:14: 1830 daAuts
    D:10: 1784 daAuts
     D:8: 1776 daAuts
 Snake:2: 1689 daAuts
  Lair:5: 1629 daAuts
     D:6: 1610 daAuts
